 Dungeon Crawl Stone Soup version 0.24-a0-509-ga1643a6788 (webtiles) character file.

Game seed: 9212302996307234167

70622 nikopol the Eclecticist (level 14, -8/70 HPs)
             Began as a Deep Elf Fire Elementalist on July 19, 2019.
             Mangled by a troll (14 damage)
             ... on level 15 of the Dungeon.
             The game lasted 01:16:36 (25864 turns).

nikopol the Eclecticist (DEFE)                     Turns: 25864, Time: 01:16:37

Health: -8/70      AC: 16    Str:  5    XL:     14   Next: 94%
Magic:  8/53       EV: 11    Int: 34    God:
Gold:   1351       SH:  8    Dex: 15    Spells: 16/50 levels left

rFire    + . .     SeeInvis .   L - staff of power
rCold    x . .     Gourm    +   w - +3 buckler {AC+3}
rNeg     . . .     Faith    .   P - +3 ring mail of Listlessness {MR- Int+8}
rPois    +         Spirit   .   M - +0 helmet
rElec    .         Reflect  .   j - +0 cloak
rCorr    .         Harm     .   t - +0 pair of gloves
MR       .....     Rnd*Rage +   i - +0 pair of boots
Stlth    +++.......             b - amulet of the gourmand
HPRegen  0.21/turn              J - ring of fire
MPRegen  0.33/turn              S - ring of poison resistance

@: lethally poisoned (-8 -> -9)
A: berserk 1
a: no special abilities


You were on level 15 of the Dungeon.
You were very full.

You visited 5 branches of the dungeon, and saw 24 of its levels.

You collected 2366 gold pieces.
You spent 1015 gold pieces at shops.

Inventory:

Hand Weapons
 E - the +1 dagger "Turus" {holy, rPois rF+ Str+8 Dex+3}
   (You took it off an orc on level 8 of the Dungeon)

   It has been blessed by the Shining One to cause great damage to the undead
   and demons.
   It affects your strength (+8).
   It affects your dexterity (+3).
   It protects you from fire.
   It protects you from poison.
Armour
 i - a +0 pair of boots (worn)
 j - a +0 cloak (worn)
 t - a +0 pair of gloves (worn)
 w - a +3 buckler of protection (worn)
 M - a +0 helmet (worn)
 P - the +3 ring mail of Listlessness (worn) {MR- Int+8}
   (You found it on level 1 of the Lair of Beasts)

   It affects your intelligence (+8).
   It affects your resistance to hostile enchantments.
Magical Staves
 L - an uncursed staff of power (weapon)
Jewellery
 b - an amulet of the gourmand (around neck)
 r - an uncursed ring of protection from fire
 v - an uncursed ring of protection from cold
 J - a ring of fire (left hand)
 S - a ring of poison resistance (right hand)
Wands
 u - a wand of acid (9)
 z - a wand of paralysis (6)
 H - a wand of scattershot (4)
 U - a wand of random effects (21)
Scrolls
 a - a scroll of vulnerability {unknown}
 d - 4 scrolls of amnesia
 e - 4 scrolls of identify
 f - a scroll of immolation
 k - 7 scrolls of teleportation
 n - 3 scrolls of fear
 p - 5 scrolls of remove curse
 x - 5 scrolls of enchant weapon
 A - a scroll of magic mapping
 C - a scroll of summoning
 N - a scroll of brand weapon
 T - a scroll of noise {unknown}
Potions
 h - 4 potions of might
 l - 4 potions of cancellation
 o - 6 potions of curing
 q - a potion of ambrosia
 s - a potion of flight
 B - 3 potions of haste
 D - a potion of resistance
 F - 5 potions of invisibility
 G - 4 potions of heal wounds
 I - a potion of agility
 O - a potion of lignification
 R - a potion of magic
Comestibles
 c - 38 rations


   Skills:
 + Level 1.6 Fighting
 + Level 4.2 Armour
 + Level 5.2 Dodging
 + Level 6.2 Stealth
 + Level 4.3 Shields
 + Level 18.5 Spellcasting
 + Level 14.7 Conjurations
 + Level 15.1 Fire Magic
 + Level 1.2 Earth Magic
 + Level 1.5 Evocations


You had 16 spell levels left.
You knew the following spells:

 Your Spells              Type           Power        Failure   Level  Hunger
a - Flame Tongue          Conj/Fire      #####        0%          1    None
b - Throw Flame           Conj/Fire      ######       0%          2    None
c - Conjure Flame         Conj/Fire      ########     1%          3    None
d - Sticky Flame          Conj/Fire      ########     1%          4    None
e - Fireball              Conj/Fire      ########..   1%          5    None
f - Bolt of Fire          Conj/Fire      ########..   1%          6    None
g - Bolt of Magma         Conj/Fire/Erth ########..   1%          5    None
i - Ignition              Fire           ########..   52%         8    #####..

Your spell library contained the following spells:

 Spells                   Type           Power        Failure   Level  Hunger
 Ignite Poison            Fire/Tmut/Pois #######.     1%          3    None
 Inner Flame              Hex/Fire       #######.     1%          3    None
 Animate Skeleton         Necr           N/A          4%          1    None
 Beastly Appendage        Tmut           ####..       4%          1    None
 Infusion                 Chrm           ####         4%          1    None
 Pain                     Necr           ####         4%          1    None
 Summon Small Mammal      Summ           ####         4%          1    None
 Passwall                 Tmut/Erth      #####...     5%          2    None
 Iskenderun's Battlesphe  Conj/Chrm      ######..     6%          5    None
 Venom Bolt               Conj/Pois      ######....   6%          5    None
 Call Imp                 Summ           ####....     7%          2    None
 Shroud of Golubria       Chrm/Tloc      ####..       7%          2    None
 Song of Slaying          Chrm           ####....     7%          2    None
 Sticks to Snakes         Tmut           ####....     7%          2    None
 Swiftness                Chrm/Air       ####....     7%          2    None
 Orb of Destruction       Conj           #######...   10%         7    ###....
 Call Canine Familiar     Summ           ####....     14%         3    None
 Regeneration             Chrm/Necr      ####......   14%         3    None
 Spectral Weapon          Hex/Chrm       ####....     14%         3    None
 Spider Form              Tmut/Pois      ####......   14%         3    None
 Summon Guardian Golem    Hex/Summ       ####....     14%         3    None
 Vampiric Draining        Necr           ####......   14%         3    None
 Iron Shot                Conj/Erth      ######....   26%         6    None
 Animate Dead             Necr           N/A          43%         4    None
 Ice Form                 Ice/Tmut       ####....     43%         4    None
 Passage of Golubria      Tloc           N/A          43%         4    None
 Summon Ice Beast         Ice/Summ       ####....     43%         4    None
 Summon Lightning Spire   Summ/Air       ####....     43%         4    None
 Lee's Rapid Deconstruct  Erth           #####.....   61%         5    None
 Blade Hands              Tmut           ####......   78%         5    None
 Ring of Flames           Chrm/Fire      #######...   87%         7    ###....
 Spellforged Servitor     Conj/Summ      ######....   88%         7    ###....
 Darkness                 Hex            ####......   100%        6    None
 Invisibility             Hex            ####....     100%        6    None


Dungeon Overview and Level Annotations

Branches:
Dungeon (13/15)            Temple (1/1) D:7            Lair (6/6) D:11
 Shoals (0/4) Lair:2        Snake (0/4) Lair:2        Slime (1/5) Lair:5
    Orc (2/2) D:9             Elf (0/3) Orc:2        Depths (0/5) D:15
 Vaults: D:13-14

Altars:
Ashenzari
Cheibriados
Dithmenos
Elyvilon
Fedhas
Gozag
Hepliaklqana
Kikubaaqudgha
Makhleb
Nemelex Xobeh
Okawaru
Qazlal
Ru
Sif Muna
Trog
Uskayaw
Wu Jian
Xom
Yredelemnul
Zin
The Shining One

Shops:
D:4 :   D:5 }   D:8 %   Orc:2 *%*[

Annotations:
D:8 2 runed translucent doors, AarnesTheHuman's ghost, journeyman DrIE


Innate Abilities, Weirdness & Mutations

You tend to lose your temper in combat.


Message History

You feel sick.
The troll shouts!
A shadow comes into view.
You feel sick. You block the troll's attack. x3
Casting: Sticky Flame (safe; 1% risk of failure)
Confirm with . or Enter, or press ? or * to list all spells.
Aiming: Sticky Flame (safe; 1% risk of failure)
Press: ? - help, Shift-Dir - straight line, f - troll
Aim: a troll You feel a surge of power!
The sticky flame hits the troll!
The troll is moderately wounded.
The troll is covered in liquid flames!
You feel sick.
The troll burns!
The troll barely misses you. The troll claws you!
* * * LOW HITPOINT WARNING * * *
The troll claws you.
* * * LOW HITPOINT WARNING * * *
The troll burns!
The troll burns!
The troll bites you!
You die...

#..#.# #...# #.# ###
#..#.###.#.# #.#
.P.##.D#...#'#$###.##
.PP.#..#............#
.Z............[.....#
...PP.##..W.........#
......##............#
P...P.##.......T....####
..P....#........@......#
8...8..#............##.#
.8.P.#.#....(.......##.#
.....#.#............##.#
.....#.#............##.#
....##.#............##.#
#.#########+###.# #.#
#.##### #.# #.....#


You could see a troll (burning) and a shadow.

Vanquished Creatures
  Gastronok (D:12)
  A dire elephant (Lair:6)
  6 hydras
  A catoblepas (Lair:6)
  A centaur warrior (D:13)
  3 two-headed ogres
  A death knight (D:12)
  13 death yaks (Lair:6)
  3 orc high priests (Orc:2)
  A deep troll shaman (Lair:6)
  Urug (Lair:2)
  A skeletal warrior (D:15)
  2 unseen horrors
  A lindwurm (Lair:4)
  5 orc knights
  2 ugly things (D:12)
  An oklob plant (Lair:5)
  3 orc sorcerers (Orc:2)
  2 deep elf magi
  3 cyclopes
  2 manticores
  A merfolk siren (Lair:2)
  7 elephants
  A centaur zombie (D:13)
  A gargoyle (D:12)
  6 spiny frogs
  2 centaur skeletons
  15 rime drakes
  2 kobold demonologists (D:13)
  4 komodo dragons
  4 trolls
  A polar bear (Lair:6)
  3 meliai (D:15)
  3 hornets
  8 blink frogs (Lair:6)
  15 hippogriffs
  6 dream sheep (Lair:6)
  4 slime creatures (D:12)
  A shadow (D:15)
  3 wraiths
  24 yaks
  12 wyverns
  A human (D:11)
  3 basilisks (Lair:5)
  A fire elemental (Lair:2)
  8 steam dragons (Lair:4)
  2 wargs
  10 water moccasins
  19 orc warriors
  3 porcupines
  2 hell hounds (Lair:5)
  An ice beast (D:12)
  An eye of draining (D:13)
  5 sky beasts
  A necrophage (D:9)
  A black bear (Lair:2)
  3 phantoms
  12 ogres
  21 wolves
  3 centaurs
  8 crocodiles
  2 elf zombies (D:9)
  3 big kobolds
  13 bullfrogs
  5 scorpions
  A wight (D:9)
  A howler monkey (D:4)
  5 electric eels
  2 human zombies (D:9)
  9 crimson imps
  A bullfrog zombie (D:8)
  7 hounds
  A jelly (D:10)
  2 bullfrog skeletons
  A gnoll shaman (D:7)
  13 orc priests
  26 orc wizards
  Ijyb (D:3)
  2 human skeletons (D:9)
  2 iguanas
  12 worker ants
  A hound zombie (D:5)
  A hound skeleton (D:9)
  4 mummies (D:9)
  A howler monkey zombie (D:6)
  Robin (D:3)
  11 gnolls
  7 adders
  5 shadow imps
  3 adder skeletons
  4 worms
  3 dart slugs
  4 leopard geckos
  100 orcs
  9 bats
  5 giant cockroaches
  7 goblins
  9 hobgoblins
  19 jackals
  7 quokkas
  A ball python (D:3)
  A frilled lizard (D:5)
  A giant cockroach zombie (D:6)
  2 jackal skeletons
  9 kobolds
  2 quokka zombies
  6 rats
  2 plants
616 creatures vanquished.

Vanquished Creatures (collateral kills)
  A centaur zombie (D:15)
1 creature vanquished.

Vanquished Creatures (others)
  A sky beast (D:11)
  6 fungi
  10 plants
  5 withered plants (D:15)
22 creatures vanquished.

Grand Total: 639 creatures vanquished

Notes
Turn   | Place    | Note
-------+----------+-------------------------------------------
     0 | D:1      | nikopol the Deep Elf Fire Elementalist began the quest for
                  | the Orb.
     0 | D:1      | Reached XP level 1. HP: 10/10 MP: 6/6
   120 | D:1      | Reached XP level 2. HP: 14/15 MP: 2/8
   790 | D:2      | Reached XP level 3. HP: 13/19 MP: 2/10
   798 | D:2      | Learned a level 2 spell: Throw Flame
   802 | D:2      | Learned a level 3 spell: Conjure Flame
   912 | D:2      | Reached skill level 4 in Spellcasting
  1094 | D:2      | Reached XP level 4. HP: 24/24 MP: 6/12
  1336 | D:2      | Found a hide-covered altar of Uskayaw.
  1339 | D:2      | Noticed a +0 dagger
  1339 | D:2      | Noticed a -1 hand axe
  1669 | D:3      | Noticed Robin
  1688 | D:3      | Killed Robin
  2138 | D:3      | Reached XP level 5. HP: 28/28 MP: 11/14
  2195 | D:3      | Found a blossoming altar of Fedhas.
  2311 | D:3      | Found a sacrificial altar of Ru.
  2325 | D:3      | Noticed Ijyb
  2345 | D:3      | Killed Ijyb
  2345 | D:3      | Reached skill level 5 in Spellcasting
  2906 | D:4      | Noticed a centaur
  2919 | D:3      | Learned a level 4 spell: Sticky Flame
  3213 | D:4      | Reached skill level 5 in Fire Magic
  3218 | D:4      | Reached XP level 6. HP: 25/32 MP: 2/16
  3352 | D:4      | Found Noxurchul's Book Emporium.
  3385 | D:4      | Reached skill level 6 in Spellcasting
  3924 | D:4      | Reached XP level 7. HP: 28/36 MP: 15/18
  4145 | D:5      | Entered Level 5 of the Dungeon
  4504 | D:5      | Reached skill level 7 in Spellcasting
  4700 | D:5      | Found Zogon's Gadget Boutique.
  4813 | D:5      | Reached skill level 8 in Spellcasting
  4813 | D:5      | Reached XP level 8. HP: 38/42 MP: 12/22
  4886 | D:5      | Found a shimmering altar of Xom.
  4922 | D:5      | Reached skill level 5 in Conjurations
  5463 | D:6      | Found a shadowy altar of Dithmenos.
  5778 | D:6      | Reached skill level 9 in Spellcasting
  5850 | D:6      | Found the +8 demon blade "Bloodbane" {slice, *Rage +Rage
                  | Stlth-}
  6050 | D:6      | Learned a level 5 spell: Fireball
  6056 | D:6      | Reached XP level 9. HP: 46/46 MP: 21/24
  6541 | D:7      | Found a staircase to the Ecumenical Temple.
  6547 | Temple   | Entered the Ecumenical Temple
  7581 | D:8      | Reached skill level 10 in Spellcasting
  7867 | D:8      | Reached skill level 1 in Shields
  7879 | D:8      | Noticed a two-headed ogre
  7972 | D:8      | Killed a two-headed ogre
  8158 | D:8      | Found Tollaiterph's Food Emporium.
  8164 | D:8      | Found a blossoming altar of Fedhas.
  8198 | D:8      | Noticed a cyclops
  8205 | D:8      | Killed a cyclops
  8205 | D:8      | Reached XP level 10. HP: 7/51 MP: 3/26
  8461 | D:8      | Reached skill level 11 in Spellcasting
  8910 | D:8      | Identified the cursed +1 dagger "Turus" {holy, rPois rF+
                  | Str+8 Dex+3}
  9039 | D:8      | Found a shadowy altar of Dithmenos.
  9040 | D:8      | Found a snail-covered altar of Cheibriados.
  9043 | D:8      | Found a large runed translucent door.
  9043 | D:8      | Found a large runed translucent door.
  9043 | D:8      | Noticed AarnesTheHuman's ghost (journeyman DrIE)
  9212 | D:8      | Found an ornate altar of the Wu Jian Council.
  9666 | D:9      | Reached skill level 5 in Stealth
  9962 | D:9      | Found a staircase to the Orcish Mines.
 10144 | D:9      | Reached skill level 12 in Spellcasting
 10376 | D:9      | Learned a level 6 spell: Bolt of Fire
 10742 | D:9      | Found a basalt altar of Yredelemnul.
 11049 | D:10     | Entered Level 10 of the Dungeon
 11174 | D:10     | Noticed an unseen horror
 11181 | D:10     | Killed an unseen horror
 11254 | D:10     | Reached XP level 11. HP: 17/55 MP: 14/29
 12096 | D:11     | Reached skill level 10 in Fire Magic
 12237 | D:11     | Found a shimmering altar of Xom.
 12289 | D:11     | Reached skill level 13 in Spellcasting
 12484 | D:11     | Noticed a deep elf mage
 12507 | D:11     | Killed a deep elf mage
 12533 | D:11     | Reached skill level 10 in Conjurations
 12728 | D:11     | Reached skill level 1 in Fighting
 12993 | D:11     | Found a staircase to the Lair.
 13238 | D:11     | Noticed an unseen horror
 13241 | D:11     | Killed an unseen horror
 13399 | Lair:1   | Entered Level 1 of the Lair of Beasts
 13507 | D:12     | Noticed a two-headed ogre
 13511 | D:12     | Killed a two-headed ogre
 13511 | D:12     | Reached skill level 1 in Evocations
 13757 | D:12     | Learned a level 8 spell: Ignition
 13759 | D:12     | Noticed Gastronok
 13793 | D:12     | Reached skill level 14 in Spellcasting
 13982 | D:12     | Killed Gastronok
 13982 | D:12     | Reached XP level 12. HP: 60/60 MP: 11/32
 14677 | D:12     | Noticed a death knight
 14680 | D:12     | Killed a death knight
 15097 | D:12     | Reached skill level 15 in Spellcasting
 15343 | D:13     | Found a gate leading to a gauntlet.
 15348 | D:13     | Noticed a centaur warrior
 15353 | D:13     | Killed a centaur warrior
 15563 | Lair:1   | Got a dazzling ring mail
 15578 | Lair:1   | Identified the +3 ring mail of Listlessness {MR- Int+8}
                  | (You found it on level 1 of the Lair of Beasts)
 15981 | Lair:2   | Noticed Urug
 15985 | Lair:2   | HP: 2/60 [Urug/javelin (6)]
 16474 | Lair:2   | Learned a level 5 spell: Bolt of Magma
 16709 | Lair:2   | Killed Urug
 16788 | Lair:2   | Reached skill level 1 in Armour
 16792 | Lair:2   | Found a staircase to the Snake Pit.
 17006 | Lair:2   | Found a staircase to the Shoals.
 17500 | Lair:3   | Noticed a seven-headed hydra
 17504 | Lair:3   | Killed a seven-headed hydra
 18129 | Lair:4   | Reached skill level 16 in Spellcasting
 18130 | Lair:4   | Reached XP level 13. HP: 62/64 MP: 22/35
 18839 | Lair:4   | Found the +5 scythe "Finisher" {speed, eviscerate}
 19229 | Lair:5   | Found a staircase to the Slime Pits.
 19837 | Lair:5   | Reached skill level 5 in Dodging
 20096 | Lair:5   | Reached skill level 17 in Spellcasting
 20178 | Lair:5   | Reached skill level 1 in Earth Magic
 20438 | Slime:1  | Entered Level 1 of the Pits of Slime
 20480 | Lair:6   | Entered Level 6 of the Lair of Beasts
 21210 | Lair:6   | Reached XP level 14. HP: 69/70 MP: 24/37
 22367 | Lair:6   | Reached skill level 18 in Spellcasting
 23159 | Orc:1    | Entered Level 1 of the Orcish Mines
 23470 | Orc:2    | Entered Level 2 of the Orcish Mines
 23470 | Orc:2    | Found a staircase to the Elven Halls.
 24774 | Orc:2    | Found Qefrogu's Assorted Antiques.
 24774 | Orc:2    | Found Rigaunor's Antique Armour Boutique.
 24779 | Orc:2    | Found Yzablir's Food Boutique.
 24779 | Orc:2    | Found Xiptiani's General Store.
 24786 | Orc:2    | Bought 2 potions of heal wounds for 320 gold pieces
 24786 | Orc:2    | Bought a glowing buckler for 240 gold pieces
 24809 | Orc:2    | Bought a faintly glowing leather armour for 175 gold pieces
 24809 | Orc:2    | Bought a jewelled leather armour for 175 gold pieces
 24812 | Orc:2    | Bought a scroll of enchant armour for 105 gold pieces
 24823 | Orc:2    | Identified the +1 leather armour of Pragmatism {*Contam
                  | +Inv Stlth+} (You bought it in a shop on level 2 of the
                  | Orcish Mines)
 24833 | Orc:2    | Identified the +1 leather armour "Xagaufaa" {Str+5 Dex-4}
                  | (You bought it in a shop on level 2 of the Orcish Mines)
 24880 | Orc:2    | Gained mutation: You tend to lose your temper in combat.
                  | [mutagenic glow]
 25416 | D:13     | You fall into a shaft and drop 2 floors!
 25416 | D:15     | Entered Level 15 of the Dungeon
 25416 | D:15     | Found a staircase to the Depths.
 25778 | D:15     | Reached skill level 15 in Fire Magic
 25864 | D:15     | Mangled by a troll

Levels and vault maps discovered:
D:1:      sevenhm_arrival_forest_fort_small_4, layout_basic,
          serial_bayou_ford_a, moated_statue
D:2:      layout_loops_ring, dancing_weapons_uskayaw, first_ration, st_stairs_3,
          grunt_ministairs_15
D:3:      layout_basic, nicolae_ru_awakened_eye, fedhas_altar_fruit_tree,
          uniq_ijyb, uniq_robin
D:4:      layout_loops_corners, serial_shops, shop
D:5:      layout_loops_corners, serial_shops, nicolae_shop_statue_plus,
          xom_teletrap_fun
D:6:      layout_basic, basic_altar
D:7:      layout_layer_cave, minmay_temple_entry_waves
D:8:      minmay_the_grid_triangle_9x9_recursive_2
          [minmay_the_grid_triangle_9x9_prize_schism,
          minmay_the_grid_triangle_9x9_checkered,
          minmay_the_grid_triangle_9x9_windchime,
          minmay_the_grid_triangle_9x9_alien], layout_basic, marbit_many_paths,
          nicolae_overflow_hidden_temple, basic_altar,
          ebering_ghost_disaster_area, serial_shops, nicolae_shop_behind_doors
D:9:      layout_loops_cross, lemuel_mausoleum_altar_yredelemnul, david_orc_4
D:10:     layout_long_grid
D:11:     layout_basic, david_lair_shrubbed, basic_altar, hangedman_stone_soup
D:12:     layout_cross, uniq_gastronok
D:13:     layout_small_grid, gauntlet_entry_generic
D:15:     gammafunk_depths_entry_grave, layout_basic
Temple:   eino_temple_lava
Lair:1:   layout_hall_layers, grunt_forest_small_clearings,
          serial_bayou_shore_b, serial_bayou_shore_b
Lair:2:   layout_gridlike, minmay_shoals_entry_lonely_mermaid,
          nicolae_volcano_entry_s_turn, serial_bayou_lagoon_a, uniq_urug
Lair:3:   layout_hall_layers, patterned_corridor
Lair:4:   layout_cave_pods, bobbens_dragon_lair_wall, lemuel_fruit_tree
Lair:5:   layout_gridlike, minmay_slime_entry_oklob_enclosed, special_room
          [special_room_mythical_zoo], st_stairs_9, infiniplex_staircase_pool_2
Lair:6:   grunt_lair_end_beastmaster, layout_gridlike
Slime:1:  layout_caves
Orc:1:    layout_caves, basic_altar
Orc:2:    grunt_orc_tribal_feast, layout_diamond_mine

Skill      XL: |  1  2  3  4  5  6  7  8  9 10 11 12 13 14 |
---------------+-------------------------------------------+-----
Fire Magic     | 4 5 6 7 8 9 11 12 13 15 | 15.1
Spellcasting   | 4 5 6 8 9 10 12 14 16 17 18 | 18.5
Conjurations   | 2 3 4 7 8 9 11 12 13 14 | 14.7
Stealth        | 3 4 5 6 |  6.2
Dodging        | 3 4 5 |  5.2
Shields        | 2 4 |  4.3
Fighting       | 1 |  1.6
Evocations     | 1 |  1.5
Armour         | 1 2 4 |  4.2
Earth Magic    | 1 |  1.2

Action                   |  1- 3 |  4- 6 |  7- 9 | 10-12 | 13-15 || total
-------------------------+-------+-------+-------+-------+-------++-------
Melee: Unarmed           |       |       |       |     1 |       ||     1
       Dagger            |       |       |       |     1 |       ||     1
       Staff             |       |       |       |       |     1 ||     1
 Cast: Flame Tongue      |    57 |   163 |   205 |   242 |    34 ||   701
       Throw Flame       |       |     2 |     1 |    20 |     6 ||    29
       Sticky Flame      |       |     2 |    21 |    72 |    26 ||   121
       Fireball          |       |       |     2 |    28 |    25 ||    55
       Conjure Flame     |       |       |     1 |     2 |     1 ||     4
       Bolt of Fire      |       |       |       |    90 |   182 ||   272
       Bolt of Magma     |       |       |       |     3 |     5 ||     8
Evoke: Wand              |       |       |     6 |     7 |     3 ||    16
  Use: Scroll            |       |       |     1 |    21 |    11 ||    33
       Potion            |       |       |       |     1 |       ||     1
  Eat: Chunk             |       |     6 |    11 |    53 |    22 ||    92
       Ration            |       |     1 |     1 |       |       ||     2
Armor: Robe              |     4 |    12 |     7 |    17 |       ||    40
       Ring mail         |       |       |       |       |    23 ||    23
Dodge: Dodged            |     8 |    63 |    46 |    72 |    33 ||   222
Block: Buckler           |       |       |     1 |    29 |    20 ||    50

Table legend:
 A = Non-vault XP
 B = Vault XP
 C = Vault XP percentage of total XP
 D = Non-vault monster count
 E = Vault monster count
 F = Vault count percentage of total count
                 A         B        C        D         E       F
            +---------+---------+-------+---------+---------+-------
      Total |   63700 |   37189 |  36.9 |     465 |     150 |  24.4
            +---------+---------+-------+---------+---------+-------
        D:1 |      28 |       0 |   0.0 |      14 |       0 |   0.0
        D:2 |      50 |      43 |  46.2 |      18 |       7 |  28.0
        D:3 |      84 |      65 |  43.6 |      28 |       8 |  22.2
        D:4 |     491 |       0 |   0.0 |      28 |       0 |   0.0
        D:5 |     853 |       0 |   0.0 |      26 |       0 |   0.0
        D:6 |    1292 |       0 |   0.0 |      29 |       0 |   0.0
        D:7 |     289 |       0 |   0.0 |       8 |       0 |   0.0
        D:8 |    1223 |    2357 |  65.8 |      30 |      13 |  30.2
        D:9 |    1768 |    1328 |  42.9 |      25 |      28 |  52.8
       D:10 |    1742 |       0 |   0.0 |      18 |       0 |   0.0
       D:11 |    4470 |    1143 |  20.4 |      28 |       5 |  15.2
       D:12 |    7253 |    2505 |  25.7 |      38 |       1 |   2.6
       D:13 |    3724 |       0 |   0.0 |      16 |       0 |   0.0
       D:15 |    4138 |     778 |  15.8 |      16 |       1 |   5.9
     Lair:1 |     694 |       0 |   0.0 |       4 |       0 |   0.0
     Lair:2 |    2567 |    1297 |  33.6 |      15 |       2 |  11.8
     Lair:3 |    3981 |       0 |   0.0 |      16 |       0 |   0.0
     Lair:4 |    2901 |    4009 |  58.0 |      11 |      14 |  56.0
     Lair:5 |    3356 |    7834 |  70.0 |      15 |      28 |  65.1
     Lair:6 |   20042 |    8155 |  28.9 |      52 |      13 |  20.0
      Orc:1 |     516 |       0 |   0.0 |      11 |       0 |   0.0
      Orc:2 |    2238 |    7675 |  77.4 |      19 |      30 |  61.2
            +---------+---------+-------+---------+---------+-------
